 Dungeon Crawl Stone Soup version 0.30-a0-25-gacc37e2db0 (webtiles) character file.

Game seed: 15238555010923137854

113 Goaboa the Grave Robber (level 4, -1/33 HPs)
             Began as a Demonspawn Necromancer on Aug 24, 2022.
             Was a Priest of Fedhas.
             Killed by divine providence
             ... invoked by an orc priest
              (15 damage)
             ... on level 3 of the Dungeon on Aug 25, 2022.
             The game lasted 00:20:46 (2832 turns).

Goaboa the Grave Robber (Demonspawn Necromancer)    Turns: 2832, Time: 00:20:48

Health: -1/33      AC:  5    Str: 10    XL:     4   Next: 65%
Magic:  3/8        EV: 12    Int: 16    God:    Fedhas [***...]
Gold:   65         SH:  4    Dex: 14    Spells: 0/8 levels left

rFire   . . .      SeeInvis .    f - +2 dagger (venom)
rCold   . . .      Faith    .    (no shield)
rNeg    . . .      Spirit   .    a - +0 robe
rPois   .          Reflect  .    p - +1 helmet
rElec   .          Harm     .    e - +0 cloak
rCorr   .          Rampage  .    (no gloves)
Will    .....                    (no boots)
Stlth   ++........               (no amulet)
HPRegen 0.11/turn                (no ring)
MPRegen 0.11/turn                (no ring)

@: no status effects
A: hooves 1, large bone plates 1
a: Renounce Religion, Wall of Briars, Grow Ballistomycete


You were on level 3 of the Dungeon.
You worshipped Fedhas.
Fedhas was most pleased with you.
You visited 1 branch of the dungeon, and saw 3 of its levels.

You collected 65 gold pieces.

Inventory:

Hand Weapons
 d - a +0 dagger
 f - a +2 dagger of venom (weapon)
Missiles
 n - 2 throwing nets
Armour
 a - a +0 robe (worn)
 e - a +0 cloak (worn)
 g - a +0 leather armour
 p - a +1 helmet (worn)
Scrolls
 c - a scroll of immolation {unknown}
 h - a scroll of enchant armour {unknown}
 i - a scroll of magic mapping {unknown}
 k - a scroll of identify {unknown}
 l - 3 scrolls of teleportation {unknown}
 q - a scroll of silence {unknown}
Potions
 b - a potion of magic
 j - 2 potions of flight {unknown}
 m - a potion of lignification {unknown}
 o - a potion of mutation {unknown}


   Skills:
 + Level 1.6 Fighting
 - Level 1.2 Armour
 + Level 2.6 Dodging
 - Level 1.7 Stealth
 + Level 2.7 Spellcasting
 + Level 4.9 Necromancy


You couldn't memorise any spells.
You knew the following spells:

 Your Spells              Type           Power      Damage    Failure   Level
a - Necrotise             Necr           72%        1d7       2%          1
b - Vampiric Draining     Necr           18%        2d7       8%          3
c - Animate Dead          Necr           18%        N/A       26%         4

Your spell library contained the following spells:

 Spells                   Type           Power      Damage    Failure   Level
 Foxfire                  Conj/Fire      8%         2x1d4     19%         1
 Ozocubu's Armour         Ice            2%         N/A       50%         3
 Agony                    Necr           18%        N/A       56%         5
 Metabolic Englaciation   Hex/Ice        1%         N/A       99%         5
 Simulacrum               Ice/Necr       5%         N/A       100%        6


Dungeon Overview and Level Annotations

Branches:
Dungeon (3/15)

Altars:
Fedhas
Okawaru


Innate Abilities, Weirdness & Mutations

You have large cloven feet.
You are partially covered in large bone plates. (SH +4)


Message History

There is a stone staircase leading up here.
An orc priest is nearby!
The orc shouts!
The orc priest shouts!
The orc priest mumbles some strange prayers to Beogh against you.
Beogh smites you!
The orc priest mumbles some strange prayers to Beogh against you.
Beogh smites you!
The orc shouts!
You hear a shout!
Aiming: Necrotise (safe; 2% risk of failure)
Press: ? - help, Q - select action, (/) - cycle Shift-Dir - straight line, f - orc
Aim: an orc, wielding a +0 dagger (chance to affect: 88%)
The orc writhes in agony.
Aiming: Necrotise (safe; 2% risk of failure)
Press: ? - help, Q - select action, (/) - cycle Shift-Dir - straight line, f/p - orc
Aim: an orc, wielding a +0 dagger (lightly wounded, chance to affect: 88%)
The orc writhes in agony.
The orc priest looks braver for a moment.
Aiming: Necrotise (safe; 2% risk of failure)
Press: ? - help, Q - select action, (/) - cycle Shift-Dir - straight line, f/p - orc
Aim: an orc, wielding a +0 dagger (moderately wounded, chance to affect: 88%)
The orc writhes in agony.
Aiming: Necrotise (safe; 2% risk of failure)
Press: ? - help, Q - select action, (/) - cycle Shift-Dir - straight line, f/p - orc
Aim: an orc, wielding a +0 dagger (heavily wounded, chance to affect: 88%)
The orc writhes in agony.
You kill the orc!
Fedhas appreciates your contribution to the ecosystem.
The dead are walking!
Hit: f) +2 dagger (venom)
Press: ? - help, Dir - move target
Okay, then.
There is a stone staircase leading up here.
Aiming: Necrotise (safe; 2% risk of failure)
Press: ? - help, Q - select action, (/) - cycle Shift-Dir - straight line, f - orc priest
Aim: an orc priest, wielding a +0 club (ally target, chance to affect: 76%)
The orc priest writhes in agony.
The orc priest mumbles some strange prayers to Beogh against you.
Beogh smites you!
You die...
Fedhas appreciates your contribution to the ecosystem.

#.#.##≈~≈..♣~...
#.....≈≈≈~~~~~~≈
###.###≈≈≈#≈~~≈≈
####o###.~≈≈≈~~~#
#.......#~≈##≈≈~~ #######
#.#.o.....≈~~≈≈≈# #.....#
#.#)Z##.#...~#~≈≈
#.....###.....#.#....~~.~
#....)..@................
#.....###................
#.....# #######...####...
#######♣♣P♣♣ ...# #...
#P♣#P#♣♣##.## #...
#♣P..P#♣P# # #...
#♣#P....P♣# ####..†
#PPP....P# #......
#PPP###†P# #.###.#


You could see an orc priest (ally target) and a friendly orc skeleton.

Vanquished Creatures
  A gnoll (D:1)
  An adder (D:2)
  2 worms (D:2)
  4 dart slugs (D:3)
  4 orcs (D:3)
  6 endoplasms
  2 giant cockroaches (D:1)
  3 goblins
  6 hobgoblins
  5 jackals
  4 quokkas
  7 ball pythons
  A bat (D:2)
  12 kobolds
  4 rats
62 creatures vanquished.

Vanquished Creatures (collateral kills)
  A dart slug (D:3)
  An orc (D:3)
  A jackal (D:1)
  A quokka (D:1)
  A frilled lizard (D:3)
  A rat (D:2)
6 creatures vanquished.

Vanquished Creatures (others)
  4 plants (D:3)
4 creatures vanquished.

Grand Total: 72 creatures vanquished

Notes
Turn   | Place    | Note
-------+----------+-------------------------------------------
     0 | D:1      | Goaboa the Demonspawn Necromancer began the quest for the
                  | Orb.
     0 | D:1      | Reached XP level 1. HP: 13/13 MP: 3/3
     7 | D:1      | Found a faded altar of an unknown god.
   180 | D:1      | Got Plato's Reference Book on Arcane Weapons
   183 | D:1      | Prayed at the altar of an unknown god.
   183 | D:1      | Became a worshipper of Fedhas Madash
   183 | D:1      | Reached * piety under Fedhas
   310 | D:1      | Gained mutation: You have large cloven feet. [demonic
                  | ancestry]
   310 | D:1      | Reached XP level 2. HP: 15/20 MP: 1/5
   635 | D:1      | Reached skill level 1 in Fighting
   684 | D:1      | Gained mutation: You are partially covered in large bone
                  | plates. (SH +4) [demonic ancestry]
   684 | D:1      | Reached XP level 3. HP: 26/26 MP: 3/6
  1120 | D:1      | Reached skill level 1 in Armour
  1335 | D:2      | Reached ** piety under Fedhas
  1596 | D:3      | Learned a level 3 spell: Vampiric Draining
  1951 | D:3      | Reached XP level 4. HP: 32/32 MP: 4/7
  1961 | D:3      | Learned a level 4 spell: Animate Dead
  2324 | D:2      | Found an iron altar of Okawaru.
  2482 | D:2      | Reached *** piety under Fedhas
  2483 | D:2      | Upgraded the game from 0.30-a0-21-g5d08c37080 to
                  | 0.30-a0-25-gacc37e2db0
  2832 | D:3      | Killed from afar by an orc priest

Illustrated notes

Levels and vault maps discovered:
D:1:      lightli_arrival_boilingwater, layout_basic,
          shapermc_ecumenical_altar_rom_forum
D:2:      layout_rooms, basic_altar
D:3:      kennysheep_slugbush, layout_loops_cross, serial_forest,
          infiniplex_forest_straight_2, infiniplex_forest_lined_room_2,
          infiniplex_forest_lined_room_3, infiniplex_forest_zigzag_1,
          lexackson_kobold_supper

Skill      XL: |  1  2  3 |
---------------+----------+-----
Dodging        | 2 |  2.6
Fighting       | 1 |  1.6
Armour         | 1 |  1.2
Stealth        | |  1.7
Spellcasting   | |  2.7
Necromancy     | |  4.9

Action                   |  1- 3 |  4- 6 || total
-------------------------+-------+-------++-------
Melee: Unarmed           |    34 |       ||    34
       Dagger            |    25 |    12 ||    37
       Kick              |     4 |     5 ||     9
 Cast: Necrotise         |    66 |    39 ||   105
Armor: Robe              |    20 |     1 ||    21
Dodge: Dodged            |    56 |    12 ||    68
Block: Other             |     6 |     2 ||     8

Table legend: (Time is in decaauts)
 A = Elapsed time spent in this place.
 B = Non-inter-level travel time spent in this place.
 C = Inter-level travel time spent in this place.
 D = Time resting spent in this place.
 E = Time spent auto-exploring this place.
 F = Levels seen in this place.
 G = Mean time per level.
                   A        B        C        D        E       F      G
               +--------+--------+--------+--------+--------+-----+--------+
         Total |   2858 |   2760 |     98 |    183 |   1849 |   3 |  952.7 |
       Dungeon |   2858 |   2760 |     98 |    183 |   1849 |   3 |  952.7 |
               +--------+--------+--------+--------+--------+-----+--------+

Top non-repeatable levels by time:
     D:1: 1307 daAuts
     D:2: 818 daAuts
     D:3: 732 daAuts
